 Dungeon Crawl Stone Soup version 0.26.0-20-g3ca415f5b8 (webtiles) character file.

Game seed: 5416372509624794359

44 kaeus the Firebug (level 3, -4/19 HPs)
             Began as a Gargoyle Fire Elementalist on Jan 24, 2021.
             Slain by a worm (7 damage)
             ... on level 2 of the Dungeon.
             The game lasted 00:00:57 (1527 turns).

kaeus the Firebug (Gargoyle Fire Elementalist)      Turns: 1527, Time: 00:00:57

Health: -4/19      AC:  5    Str: 11    XL:     3   Next: 62%
Magic:  1/6        EV: 12    Int: 16    God:
Gold:   32         SH:  0    Dex: 10    Spells: 5/6 levels left

rFire    . . .     SeeInvis .   l - +0 scythe
rCold    . . .     Faith    .   (shield currently unavailable)
rNeg     + . .     Spirit   .   a - +0 robe
rPois    ∞         Reflect  .   (no helmet)
rElec    +         Harm     .   (no cloak)
rCorr    .         Rampage  .   (no gloves)
Will     .....                  (no boots)
Stlth    ++........             (no amulet)
HPRegen  0.06/turn              (no ring)
MPRegen  0.10/turn              (no ring)

@: no status effects
A: negative energy resistance 1, electricity resistance, unbreathing,
petrification resistance, miasma immunity, AC +3
a: no special abilities


You were on level 2 of the Dungeon.
You visited 1 branch of the dungeon, and saw 2 of its levels.

You collected 32 gold pieces.

Inventory:

Hand Weapons
 l - a +0 scythe (weapon)
Armour
 a - a +0 robe (worn)
Scrolls
 c - 2 scrolls of identify {unknown}
 d - a scroll of random uselessness {unknown}
 g - a scroll of fear {unknown}
 h - a scroll of enchant weapon {unknown}
 k - 2 scrolls of amnesia {unknown}
Potions
 e - a potion of mutation {unknown}
 f - a potion of might {unknown}
 i - a potion of lignification {unknown}
 j - a potion of curing {unknown}


   Skills:
 + Level 2.0 Dodging
 + Level 2.8 Stealth
 + Level 2.3 Spellcasting
 + Level 1.9 Conjurations
 + Level 3.3 Fire Magic


You had 5 spell levels left.
You knew the following spells:

 Your Spells              Type           Power        Failure   Level
a - Foxfire               Conj/Fire      40%          7%          1

Your spell library contained the following spells:

 Spells                   Type           Power        Failure   Level
 Conjure Flame            Conj/Fire      10%          21%         3
 Inner Flame              Hex/Fire       7%           30%         3
 Sticky Flame             Conj/Fire      10%          56%         4
 Fireball                 Conj/Fire      5%           88%         5


Dungeon Overview and Level Annotations

Branches:
Dungeon (2/15)

Altars:
Elyvilon
Uskayaw


Innate Abilities, Weirdness & Mutations

You are resistant to torment.
Your stone body is resilient. (AC +3)
You are immune to poison.
You resist negative energy. (rN+)
You are resistant to electric shocks. (rElec)
You can survive without breathing.
You are immune to petrification.
You are immune to miasma.


Message History

A worm is nearby!
You slash the worm!
The worm is almost dead.
The worm barely misses you.
A worm is nearby!
You barely miss the worm.
The worm is almost dead.
The worm bites you!
Ouch! That really hurt!
A worm is nearby!
You take 10 damage, and have 9/19 hp.
MASSIVE DAMAGE!!
You barely miss the worm.
The worm is almost dead.
The worm bites you!
* * * LOW HITPOINT WARNING * * *
You take 7 damage, and have 2/19 hp.
MASSIVE DAMAGE!!
You hit the worm.
The worm is almost dead.
The worm bites you but does no damage. The worm bites you!
You die...

##..†.........#...... .##
#.......#..##.####### ....
#.....#.......# #....
#..###..((.#..#.######.###
#......(†.....#.#......###
....###.........#...........
. #.##.########......###
......).##.#........<.......
..#.....##w@.##.#.###....#.#
..........#####.#.†....##..#
.......... ..#.####.#...#
.......... ####.#......>.#
.......... ..#..#.#...#
..........# .###.##.##### .
#. #....#.<.. . ######.#..
.. #..>.#.#


You could see a worm.

Vanquished Creatures
  2 adders (D:2)
  An ooze (D:1)
  A dart slug (D:1)
  A leopard gecko (D:2)
  3 hobgoblins (D:1)
  A quokka (D:2)
  2 bats
  5 goblins
  2 kobolds (D:2)
  2 rats (D:2)
20 creatures vanquished.

Vanquished Creatures (others)
  70 foxfires
  6 plants (D:2)
76 creatures vanquished.

Grand Total: 96 creatures vanquished

Notes
Turn   | Place    | Note
-------+----------+-------------------------------------------
     0 | D:1      | kaeus the Gargoyle Fire Elementalist began the quest for
                  | the Orb.
     0 | D:1      | Reached XP level 1. HP: 10/10 MP: 3/3
   273 | D:1      | Reached XP level 2. HP: 12/15 MP: 0/5
  1074 | D:2      | Reached XP level 3. HP: 19/19 MP: 1/6
  1121 | D:2      | Found a white marble altar of Elyvilon.
  1229 | D:2      | Found a hide-covered altar of Uskayaw.
  1527 | D:2      | Slain by a worm

Illustrated notes

Levels and vault maps discovered:
D:1:      minmay_arrival_pointy, layout_loops_ring
D:2:      layout_basic, elyvilon_altar_3, old_standard_altar,
          nicolae_overflow_crystal_walls, old_standard_altar,
          serial_bayou_lake_a

Skill      XL: |  1  2  3 |
---------------+----------+-----
Dodging        | 2 |  2.0
Stealth        | |  2.8
Spellcasting   | |  2.3
Conjurations   | |  1.9
Fire Magic     | |  3.3

Action                   || total
-------------------------++-------
Melee: Unarmed           ||     9
       Dagger            ||    18
       Scythe            ||     6
 Cast: Foxfire           ||    54
Armor: Robe              ||     7
Dodge: Dodged            ||    17
